 Dungeon Crawl Stone Soup version 0.28.0 (webtiles) character file.

Game seed: 6463759752606985292

207 pkoi the Gusty (level 5, -5/57 HPs)
             Began as a Draconian Air Elementalist on Feb 16, 2022.
             Slain by a water moccasin (6 damage)
             ... on level 3 of the Dungeon.
             The game lasted 00:04:41 (4021 turns).

pkoi the Gusty (Draconian Air Elementalist)         Turns: 4021, Time: 00:04:41

Health: -5/57      AC:  5    Str: 10    XL:     5   Next: 54%
Magic:  1/8        EV: 12    Int: 18    God:
Gold:   80         SH:  0    Dex: 11    Spells: 0/8 levels left

rFire   . . .      SeeInvis .   g - +0 dagger (elec)
rCold   . . .      Faith    .   (no shield)
rNeg    . . .      Spirit   .   (armour unavailable)
rPois   .          Reflect  .   (helmet restricted)
rElec   .          Harm     .   (no cloak)
rCorr   .          Rampage  .   (no gloves)
Will    .....                   (no boots)
Stlth   ..........              (no amulet)
HPRegen 0.19/turn               (no ring)
MPRegen 0.11/turn               (no ring)

@: berserking, lethally poisoned (-5 -> -7), very quick
A: AC +5, unfitting armour, cold-blooded
a: no special abilities


You were on level 3 of the Dungeon.
You visited 1 branch of the dungeon, and saw 3 of its levels.

You collected 80 gold pieces.

Inventory:

Hand Weapons
 c - a +0 dagger
 g - a +0 dagger of electrocution (weapon)
Wands
 n - a wand of charming (10)
Scrolls
 b - 6 scrolls of identify {unknown}
 d - a scroll of blinking {unknown}
 f - a scroll of noise {unknown}
 j - a scroll of teleportation {unknown}
 k - a scroll of magic mapping {unknown}
 m - a scroll of enchant armour {unknown}
Potions
 e - a potion of invisibility
 h - 2 potions of flight {unknown}
 i - a potion of curing {unknown}
 l - a potion of lignification {unknown}


   Skills:
 - Level 1.7 Dodging
 - Level 1.7 Stealth
 - Level 2.0 Spellcasting
 - Level 1.0 Conjurations
 + Level 6.3 Air Magic


You couldn't memorise any spells.
You knew the following spells:

 Your Spells              Type           Power      Damage    Failure   Level
a - Shock                 Conj/Air       60%        1d6       4%          1
b - Swiftness             Air            24%        N/A       4%          3
c - Airstrike             Air            12%        N/A       13%         4

Your spell library contained the following spells:

 Spells                   Type           Power      Damage    Failure   Level
 Static Discharge         Conj/Air       15%        N/A       6%          2
 Foxfire                  Conj/Fire      12%        2x1d4     14%         1
 Conjure Flame            Conj/Fire      3%         6-21      41%         3
 Stone Arrow              Conj/Erth      6%         3d7       41%         3
 Ignite Poison            Fire/Tmut/Pois 1%         N/A       47%         3
 Inner Flame              Hex/Fire       1%         N/A       47%         3
 Flame Wave               Conj/Fire      3%         2d4       82%         4
 Sticky Flame             Conj/Fire      3%         2d3       82%         4
 Lehudib's Crystal Spear  Conj/Erth      1%         10d2      100%        8
 Animate Armour           Summ/Erth      Unusable   N/A       N/A         4

Dungeon Overview and Level Annotations

Branches:
Dungeon (3/15)

Altars:
Dithmenos


Innate Abilities, Weirdness & Mutations

Your plain brown scales are hard. (AC +5)
You cannot fit into any form of body armour.
You are cold-blooded and may be slowed by cold attacks.


Message History

You feel very sick. The water moccasin closely misses you.
Unknown command.
You barely miss the water moccasin.
The water moccasin is almost dead.
You feel very sick. The water moccasin barely misses you.
You closely miss the water moccasin. You tail-slap the water moccasin.
The water moccasin is almost dead.
You feel sick.
The water moccasin bites you but does no damage.
The water moccasin bites you.
* * * LOW HITPOINT WARNING * * *
You hit the water moccasin but do no damage.
You tail-slap the water moccasin, but do no damage.
The water moccasin is almost dead.
* * * LOW HITPOINT WARNING * * *
You feel sick. The water moccasin barely misses you.
You hit the water moccasin.
The water moccasin is almost dead.
* * * LOW HITPOINT WARNING * * *
You feel sick. The water moccasin bites you.
* * * LOW HITPOINT WARNING * * *
The water moccasin bites you but does no damage.
It was a potion of berserk rage.
A red film seems to cover your vision as you go berserk!
You feel yourself moving faster!
You feel mighty!
* * * LOW HITPOINT WARNING * * *
You feel sick.
The water moccasin bites you but does no damage.
You completely miss the water moccasin.
The water moccasin is almost dead.
* * * LOW HITPOINT WARNING * * *
You feel sick.
The water moccasin bites you but does no damage.
You closely miss the water moccasin.
The water moccasin is almost dead.
* * * LOW HITPOINT WARNING * * *
You feel sick. The water moccasin bites you.
You die...

###.......#
#...#...#
#.##.##.#
######
####.#.⌠.#.#
#.....
#....##.##.#
##.....
#.#....#..##
.......
#...##...##
#.....
##.#######
#.....#####@#
#.........S.#
#.....#######
......#
######


You could see a water moccasin.

Vanquished Creatures
  A centaur skeleton (D:3)
  An orc priest (D:3)
  Terence (D:2)
  6 adders
  2 dart slugs
  3 orcs (D:3)
  A bat (D:2)
  8 endoplasms
  3 giant cockroaches
  6 goblins
  8 hobgoblins
  7 kobolds
  3 quokkas
  4 ball pythons
  6 frilled lizards
  3 rats
63 creatures vanquished.

Notes
Turn   | Place    | Note
-------+----------+-------------------------------------------
     0 | D:1      | pkoi the Draconian Air Elementalist began the quest for the
                  | Orb.
     0 | D:1      | Reached XP level 1. HP: 14/14 MP: 3/3
   292 | D:1      | Reached XP level 2. HP: 15/20 MP: 0/5
   643 | D:1      | Found a faded altar of an unknown god.
   797 | D:1      | Reached skill level 4 in Air Magic
  1259 | D:2      | Found a shadowy altar of Dithmenos.
  1269 | D:2      | Reached XP level 3. HP: 26/26 MP: 4/6
  1353 | D:2      | Noticed Terence
  1772 | D:2      | Killed Terence
  1773 | D:2      | Reached skill level 5 in Air Magic
  1773 | D:2      | Reached XP level 4. HP: 15/33 MP: 7/7
  3111 | D:3      | Reached XP level 5. HP: 23/38 MP: 4/8
  3361 | D:3      | Reached skill level 6 in Air Magic
  3891 | D:3      | Found the +7 Kryia's mail coat {PotionHeal*2 rC+}
  3915 | D:3      | Learned a level 3 spell: Swiftness
  3920 | D:3      | Learned a level 4 spell: Airstrike
  4000 | D:3      | Noticed a water moccasin
  4020 | D:3      | HP: 2/57 [poisoned by a water moccasin]
  4021 | D:3      | Slain by a water moccasin

Illustrated notes

Levels and vault maps discovered:
D:1:      minmay_arrival_semitransparent, layout_basic, basic_ecumenical_altar
D:2:      layout_loops_ring, basic_altar, uniq_terence
D:3:      layout_loops_cross, minitemple, minmay_stone_trees_small,
          grunt_decor_one_mirror, grunt_decor_junction, minmay_checkerbox

Skill      XL: |  1  2  3  4  5 |
---------------+----------------+-----
Air Magic      | 4 5 6 |  6.3
Dodging        | |  1.7
Stealth        | |  1.7
Spellcasting   | |  2.0
Conjurations   | |  1.0

Action                   |  1- 3 |  4- 6 || total
-------------------------+-------+-------++-------
Melee: Unarmed           |     3 |       ||     3
       Dagger            |    24 |    12 ||    36
       Tailslap          |     2 |     4 ||     6
 Cast: Shock             |    56 |    70 ||   126
  Use: Potion            |       |     1 ||     1
Armor: Skin              |     8 |    15 ||    23
Dodge: Dodged            |    18 |    16 ||    34
